 Dungeon Crawl Stone Soup version 0.27-a0-1105-g946c659c87 (webtiles) character file.

Game seed: 12309864707955176449

922 kae the Slasher (level 8, -1/94 HPs)
             Began as a Formicid Fighter on Apr 29, 2021.
             Slain by an ogre
             ... wielding a +0 giant spiked club
              (13 damage)
             ... on level 6 of the Dungeon.
             The game lasted 00:03:04 (4547 turns).

kae the Slasher (Formicid Fighter)                  Turns: 4547, Time: 00:03:05

Health: -1/94      AC: 24    Str: 24    XL:     8   Next: 31%
Magic:  8/8        EV:  2    Int:  7    God:
Gold:   129        SH: 10    Dex: 10    Spells: 7/7 levels left

rFire    . . .     SeeInvis .   a - +1 long sword (flame)
rCold    . . .     Faith    .   c - +0 kite shield
rNeg     + + +     Spirit   .   (armour currently unavailable)
rPois    +         Reflect  .   (helmet unavailable)
rElec    .         Harm     .   (cloak currently unavailable)
rCorr    .         Rampage  .   (gloves currently unavailable)
Will     .....                  (boots currently unavailable)
Stlth    +.........             (no amulet)
HPRegen  0.25/turn              (no ring)
MPRegen  0.11/turn              (no ring)

@: mighty, brilliant, tree-form
A: stationary, stasis, torment immunity, boosted hp, permanent stasis, dig
shafts and tunnels, (antennae 3), four strong arms
a: no special abilities


You were on level 6 of the Dungeon.
You were a tree.
You visited 1 branch of the dungeon, and saw 6 of its levels.

You collected 195 gold pieces.
You spent 66 gold pieces at shops.

Inventory:

Hand Weapons
 a - a +1 long sword of flaming (weapon)
Missiles
 l - 4 curare-tipped darts
Armour
 b - a +0 scale mail (melded)
 c - a +0 kite shield (worn)
 h - a +0 pair of boots (melded)
 i - a +1 cloak (melded)
Jewellery
 r - a ring of positive energy
 s - a ring of poison resistance
Scrolls
 j - 3 scrolls of teleportation
 p - a scroll of blinking {unknown}
 q - 2 scrolls of magic mapping {unknown}
Potions
 e - a potion of degeneration
 f - 2 potions of curing
 m - a potion of haste
 n - a potion of attraction {unknown}
 o - a potion of invisibility {unknown}
 t - a potion of heal wounds {unknown}
 u - 2 potions of ambrosia {unknown}
 v - a potion of berserk rage {unknown}


   Skills:
 + Level 5.4 Fighting
 * Level 6.0 Long Blades
 + Level 5.5 Armour
 + Level 5.9 Shields


You had 7 spell levels left.
You didn't know any spells.
Your spell library contained the following spells:

 Spells                   Type           Power      Damage    Failure   Level
 Animate Skeleton         Necr           0%         N/A       65%         1
 Apportation              Tloc           0%         N/A       65%         1
 Corona                   Hex            0%         N/A       65%         1
 Summon Small Mammal      Summ           0%         N/A       65%         1


Dungeon Overview and Level Annotations

Branches:
Dungeon (7/15)
 Temple: D:4-7

Altars:
Cheibriados
Wu Jian
Yredelemnul

Shops:
D:4 *

Annotations:
D:4 Sigmund
D:7 Dowan, Duvessa


Innate Abilities, Weirdness & Mutations

You are a tree.
Your roots penetrate the ground, keeping you stationary.
You cannot be teleported.
You are immune to unholy pain and torment.
Your maximum health is greatly increased.
Your equipment is partially melded.
You cannot be hasted, slowed, berserked, paralysed or teleported.
You can dig through walls and to a lower floor.
((You have a pair of large antennae on your head. (SInv)))
Your four strong arms can wield two-handed weapons with a shield.


Message History

The orc warrior is moderately wounded.
The orc warrior barely misses you.
You closely miss the orc warrior.
The orc warrior is moderately wounded.
You block the orc warrior's attack.
You barely miss the orc warrior.
The orc warrior is moderately wounded.
You block the orc warrior's attack.
The orc warrior hits you with a +0 war axe!
* * * LOW HITPOINT WARNING * * *
You barely miss the orc warrior.
The orc warrior is moderately wounded.
The orc warrior hits you with a +0 war axe!
* * * LOW HITPOINT WARNING * * *
You closely miss the orc warrior.
The orc warrior is moderately wounded.
You block the orc warrior's attack.
You slash the orc warrior! You burn the orc warrior.
The orc warrior is severely wounded.
The orc warrior barely misses you.
It was a potion of lignification.
You turn into a tree.
Your +1 cloak melds into your body.
Your +0 pair of boots melds into your body.
Your +0 scale mail melds into your body.
Your roots penetrate the ground.
You block the orc warrior's attack.
It was a potion of brilliance.
You feel clever all of a sudden. You block the orc warrior's attack.
It was a potion of haste.
Your stasis prevents you from being hasted.
You block the orc warrior's attack.
You slash the orc warrior! You burn the orc warrior.
The orc warrior is almost dead.
The orc warrior hits you but does no damage. x2
You slash the orc warrior! You burn the orc warrior.
You kill the orc warrior!
Your Long Blades skill increases to level 6!
You closely miss the ogre.
The ogre hits you with a +0 giant spiked club!
You die...

... #.#.
.. #.#.
.. #.#.
##. ...#
.. # #..#
.#.# {
#..##...#
#..#O.#
#..♣#...#
#...#.#.#
###..#..
#
#..>.###.
####.# .#
#..# # #
#.## {
###. #.#
{ { .....
#.#


You could see an ogre.

Vanquished Creatures
  Menkaure (D:4)
  A water moccasin (D:6)
  An orc warrior (D:6)
  2 phantoms
  A wyvern zombie (D:6)
  2 vampire bats (D:4)
  A bullfrog zombie (D:6)
  A jelly (D:7)
  A centaur skeleton (D:4)
  An iguana (D:6)
  An orc wizard (D:3)
  Robin (D:4)
  3 gnolls
  3 adders
  A white imp (D:6)
  An ufetubus (D:6)
  2 worms
  2 dart slugs
  12 orcs (D:3)
  4 bats (D:4)
  5 endoplasms
  3 giant cockroaches
  15 goblins
  11 hobgoblins
  2 quokkas
  A ball python (D:2)
  3 frilled lizards
  5 kobolds
  2 rats (D:1)
89 creatures vanquished.

Notes
Turn   | Place    | Note
-------+----------+-------------------------------------------
     0 | D:1      | kae the Formicid Fighter began the quest for the Orb.
     0 | D:1      | Reached XP level 1. HP: 18/18 MP: 1/1
    23 | D:1      | Found a faded altar of an unknown god.
   226 | D:1      | Reached XP level 2. HP: 24/24 MP: 2/2
  1129 | D:2      | Reached XP level 3. HP: 22/29 MP: 3/3
  1955 | D:3      | Reached skill level 3 in Long Blades
  1955 | D:3      | Reached XP level 4. HP: 37/37 MP: 4/4
  2266 | D:3      | Found an ornate altar of the Wu Jian Council.
  2266 | D:3      | Found a basalt altar of Yredelemnul.
  2300 | D:3      | Found a snail-covered altar of Cheibriados.
  2646 | D:3      | Reached XP level 5. HP: 33/42 MP: 5/5
  2901 | D:4      | Found Bedgh's Assorted Antiques.
  2912 | D:4      | Noticed a phantom
  3059 | D:3      | Killed a phantom
  3060 | D:3      | Reached skill level 4 in Long Blades
  3060 | D:3      | Reached XP level 6. HP: 10/48 MP: 6/6
  3565 | D:4      | Noticed Robin
  3581 | D:4      | Killed Robin
  3636 | D:4      | Reached skill level 5 in Shields
  3636 | D:4      | Reached XP level 7. HP: 48/55 MP: 7/7
  3720 | D:4      | Bought a grey potion for 21 gold pieces
  3720 | D:4      | Bought a sapphire potion for 21 gold pieces
  3720 | D:4      | Bought a scroll labelled BOIMUPHESKA for 24 gold pieces
  3846 | D:4      | Noticed Menkaure
  3857 | D:4      | Killed Menkaure
  3858 | D:4      | Reached skill level 5 in Long Blades
  3858 | D:4      | Reached skill level 5 in Armour
  4135 | D:4      | Noticed Sigmund
  4137 | D:4      | You fall into a shaft and drop 3 floors!
  4144 | D:7      | Reached skill level 5 in Fighting
  4175 | D:7      | Noticed Dowan
  4177 | D:7      | Noticed Duvessa
  4364 | D:6      | Reached XP level 8. HP: 31/62 MP: 8/8
  4547 | D:6      | Reached skill level 6 in Long Blades
  4547 | D:6      | Slain by an ogre

Illustrated notes

Levels and vault maps discovered:
D:1:      shiori_shiawase, layout_basic, shapermc_ecumenical_altar_venn,
          hangedman_decor_opposing
D:2:      layout_rooms, kennysheep_generic_room_2
D:3:      layout_basic, kennysheep_slug_shrine,
          gammafunk_temple_overflow_elements, minmay_tree_intersection,
          minmay_misc_feat_alley
D:4:      layout_basic, nicolae_qazlal_general_emergency, serial_shops,
          nicolae_shop_overgrown_old_shop, roderic_batcave, uniq_sigmund,
          uniq_robin, uniq_menkaure
D:6:      layout_basic, tgw_trog, minmay_temple_entry_glassed_door,
          hangedman_minor_gate_pass, uniq_edmund
D:7:      layout_loops_ring, uniq_prince_ribbit1, uniq_duvessa

Skill      XL: |  1  2  3  4  5  6  7  8 |
---------------+-------------------------+-----
Shields        | 4 5 |  5.9
Long Blades    | 3 4 5 6 |  6.0
Armour         | 4 5 |  5.5
Fighting       | 4 5 |  5.4

Action                   |  1- 3 |  4- 6 |  7- 9 || total
-------------------------+-------+-------+-------++-------
Melee: Long sword        |    97 |   130 |    92 ||   319
 Abil: Dig               |       |       |     1 ||     1
  Use: Scroll            |     6 |       |     1 ||     7
       Potion            |       |       |     4 ||     4
Armor: Scale mail        |    35 |    79 |    35 ||   149
       Skin              |       |       |     2 ||     2
Dodge: Dodged            |    36 |    67 |    41 ||   144
Block: Kite shield       |    45 |   104 |    65 ||   214
       Rpst.: Long sword |    10 |    25 |    16 ||    51

Table legend: (Time is in decaauts)
 A = Elapsed time spent in this place.
 B = Non-inter-level travel time spent in this place.
 C = Inter-level travel time spent in this place.
 D = Time resting spent in this place.
 E = Time spent auto-exploring this place.
 F = Levels seen in this place.
 G = Mean time per level.
                   A        B        C        D        E       F      G
               +--------+--------+--------+--------+--------+-----+--------+
         Total |   4671 |   4597 |     74 |    664 |   3127 |   6 |  778.5 |
       Dungeon |   4671 |   4597 |     74 |    664 |   3127 |   6 |  778.5 |
               +--------+--------+--------+--------+--------+-----+--------+

Top non-repeatable levels by time:
     D:3: 1755 daAuts
     D:1: 1072 daAuts
     D:2: 781 daAuts
     D:4: 639 daAuts
     D:6: 369 daAuts
     D:7: 53 daAuts
